 Dungeon Crawl Stone Soup version 0.28-a0-479-g5baa6b73be (webtiles) character file.

Game seed: 8161430784148183279

215 Sargento the Skirmisher (level 5, 0/47 HPs)
             Began as a Minotaur Berserker on Sept 18, 2021.
             Was a Believer of Trog.
             Slain by a gnoll (8 damage)
             ... on level 4 of the Dungeon.
             The game lasted 00:11:58 (2725 turns).

Sargento the Skirmisher (Minotaur Berserker)        Turns: 2725, Time: 00:12:00

Health: 0/47       AC:  9    Str: 22    XL:     5   Next: 60%
Magic:  4/4        EV: 11    Int:  4    God:    Trog [**....]
Gold:   84         SH:  0    Dex: 10    Spells: 4/4 levels left

rFire   . . .      SeeInvis .   a - +0 falchion
rCold   . . .      Faith    .   (no shield)
rNeg    . . .      Spirit   .   m - +0 scale mail
rPois   .          Reflect  .   (helmet restricted)
rElec   .          Harm     .   f - +0 cloak
rCorr   .          Rampage  .   h - +0 pair of gloves
Will    .....                   (no boots)
Stlth   ..........              (no amulet)
HPRegen 0.15/turn               (no ring)
MPRegen 0.09/turn               (no ring)

@: no status effects
A: horns 2, retaliatory headbutt
a: Renounce Religion, Berserk, Trog's Hand


You were on level 4 of the Dungeon.
You worshipped Trog.
Trog was pleased with you.
You visited 1 branch of the dungeon, and saw 4 of its levels.

You collected 84 gold pieces.


Innate Abilities, Weirdness & Mutations

You have a pair of horns on your head.
You reflexively headbutt those who attack you in melee.


   Skills:
 + Level 4.9 Fighting
 + Level 4.9 Long Blades
 + Level 4.1 Armour
 + Level 3.7 Dodging


You had 4 spell levels left.
You didn't know any spells.
Your spell library was empty.

Inventory:

Hand Weapons
 a - a +0 falchion (weapon)
Armour
 f - a +0 cloak (worn)
   (You found it on level 1 of the Dungeon)
 h - a +0 pair of gloves (worn)
   (You found it on level 1 of the Dungeon)
 m - a +0 scale mail (worn)
   (You found it on level 3 of the Dungeon)
Scrolls
 b - a scroll of amnesia {!r, unknown}
 c - a scroll of silence {!r, unknown}
 k - a scroll of magic mapping {!r, unknown}
 n - a scroll of identify {!r, unknown}
Potions
 d - a potion of might {unknown}
 e - a potion of heal wounds {unknown}
 g - 2 potions of brilliance {unknown}
 i - a potion of mutation {unknown}
 j - a potion of degeneration {unknown}
 l - a potion of haste {unknown}
 o - a potion of attraction {unknown}

Dungeon Overview and Level Annotations

Branches:
Dungeon (4/15)
 Temple: D:4-7

Altars:
Yredelemnul

...........#...#
...........#@..#
#######†..)g...#
####....##..#######
.............#
.............#
.#####'#########
#######..##..##..#
.................#
.................#
..^..............#
##..###.##########
##))###'###....##
....#....#.......
....#....'.......
##..##..######+######+#
##..###'#..............


You could see a gnoll.


Message History

Ye op'n tha door!
A rat an' a hobgoblin come inta view!
Tha hobgoblin closely misses ye!
Ye barely miss tha hobgoblin!
Tha hobgoblin closely misses ye! x2
Ye furiously retaliate!!!
Ye headbutt tha hobgoblin!
Ye slice tha hobgoblin like a ripe choko!!!
Ye annihilate tha hobgoblin!!!
Tha rat closely misses ye!
Ye cut tha rat but do butt damage!
Yer headbutt misses tha rat!
Tha rat barely misses ye!
Ye op'n tha rat like a pillowcase!!!
Ye annihilate tha rat!!!
Nay target in view!!!
An adder comes inta view!
Tha adder hisses angrily!
A frilled lizard comes inta view!
Tha frilled lizard hisses angrily!
Ye cut tha adder inta ribbons!
Ye headbutt tha adder!
Tha adder be moderately wounded!
Tha adder barely misses ye!
Ye butt tha adder like a butt!!!
Ye annihilate tha adder!!!
Ye closely miss tha frilled lizard!
Ye headbutt tha frilled lizard!
Ye annihilate tha frilled lizard!!!
Nay target in view!!!
k - a scroll labelled LAS YBOTYAPAM {!!.r} Thar be nay items 'ere!
Re'lly read
b - a scroll labelled LIOTEO KOTA {!!.r}?
Okay, than!
As ye op'n tha door, it creaks loudly!!!
Found a cloak!
Ye see 'ere a +0 cloak!
n - a +0 cloak Okay, than!
Drop what? 14/52 slots (_ fer help) (? butt menu, 'sc ta quit) Ye drop a +0 cloak!
Ye op'n tha door!
Thar be an op'n door 'ere!
Thar be an op'n door 'ere!
Thar be an op'n door 'ere!
Found 7 slin' bullets!
Ye op'n tha door!
Thar be an op'n door 'ere!
Thar be an op'n door 'ere!
Found a knobbly smokin' staff!
Found a stone staircase leadin' up!
Found a rin' mail!
Found 20 stones an' a dagger!
Press: ? - help, v - describe, ! - travel A rock wall!
Found a rin' mail!
Ye see 'ere a +0 rin' mail!
n - a +0 rin' mail Okay, than!
Okay, than!
Drop what? 14/52 slots (_ fer help) (? fer menu, 'sc ta quit) Ye drop a +0 rin' mail!
Found a robe!
n - a scroll labelled JOFFUCZ PAME {!!.r}
g - 2 blue potions (gain'd 1) Ye op'n tha door!
Thar be an op'n door 'ere!
Ye see 'ere a +0 dagger!
Done 'splorin'!
Thar be a stone staircase leadin' down 'ere!
Ye climb downwards!
Found 19 gold pieces!
Thar be a stone staircase leadin' up 'ere!
Ye now haf 84 gold pieces (gain'd 19)!
As ye op'n tha door, it creaks loudly!!!
Ye op'n tha door!
Thar be an op'n door 'ere!
An orc priest comes inta view!
It be wieldin' a +0 mace!
Tha orc priest shouts!!!
Ye hear a shout!!! x2
A ball python comes inta view!
Tha orc priest hits ye but does nay damage!
An orc comes inta view!
It be wieldin' a +0 whip!
Ye barely miss tha orc priest!
Yer headbutt misses tha orc priest!
Tha orc priest barely misses ye!
Ye furiously retaliate!!!
Ye headbutt tha orc priest!!!
An orc comes inta view!
It be wieldin' a +0 flail!
Ye closely miss tha orc priest!
Tha orc priest be heavily wounded!
Tha ball python completely misses ye!
Tha ball python grabs ye!
Tha ball python constricts ye!
Tha ball python closely misses ye!
Tha ball python constricts ye!
Tha orc priest hits ye wit' a +0 mace!
Damage: -6%(-3hp) hp: 94%(44hp) Ye chop tha orc priest inta pieces!
Tha butt priest be almost dead!
Tha ball python closely misses ye!
Ye furiously retaliate!!!
Ye headbutt tha ball python!
Ye annihilate tha ball python!!!
Tha orc priest looks encouraged fer a momn't!
Ye cut tha orc priest inta ribbons!
Ye annihilate tha orc priest!!!
Ye carve tha orc like a ham!!!
Ye annihilate tha orc!!!
Ye chop tha orc inta pieces!
Yer headbutt misses tha orc!
Tha orc be almost dead!
Tha orc barely misses butt!
Butt furiously retaliate!!!
Ye headbutt tha orc, but do nay damage!
Ye barely miss tha orc!
Ye headbutt tha orc!
Ye annihilate tha orc!!!
Thin's tha be 'ere: a +0 mace; a +0 leathar armour Items 'ere: )) ††!
Okay, than!
Okay, than!
HP restored!
Ye op'n tha door!
Thar be an op'n door 'ere!
Ye op'n tha door!
Thar be an op'n door 'ere!
Ye op'n tha door!
Thar be an op'n door 'ere!
Butt op'n tha door!
Thar be an op'n door 'ere! butt - a silvery potion An adder comes inta view!
A gnoll comes inta view!
It be wieldin' a +0 halberd!
Tha gnoll shouts!!!
Ye miss tha adder!
Tha adder barely misses ye!
Ye furiously retaliate!!!
Ye headbutt tha adder!
Tha adder bites ye but does nay damage!
Ye miss tha adder!
Ye headbutt tha adder!
Tha adder be heavily wounded!
Tha adder bites ye but does nay damage!
A gnoll comes inta view!
It be wieldin' a +0 halberd!
Ye barely miss tha adder!
Tha gnoll shouts!!!
Yer headbutt misses tha adder!
Tha adder be heavily wounded!
Tha adder misses ye!
Ye furiously retaliate!!!
Ye headbutt tha adder!!!
Ye annihilate tha adder!!!
Tha gnoll closely misses ye!
A gnoll comes inta view!
It be wieldin' a +0 halberd!
Yer Armour skill increases ta level 4!!!
A gnoll comes inta view!
It be wieldin' a +0 whip!
Tha gnoll shouts!!!
Tha gnoll closely misses ye!
Ye see 'ere an adder corpse!
Tha gnoll hits ye but does nay damage!
Tha gnoll closely misses ye!
Tha gnoll barely misses ye!
Ye carve tha gnoll like a ham!
Tha gnoll be moderately wounded!
Tha gnoll hits ye from afar wit' a +0 halberd!
Tha gnoll barely misses ye! x2
Damage: -10%(-5hp) hp: 90%(42hp) Ye cut tha gnoll but do nay damage!
Ye headbutt tha gnoll!!!
Tha gnoll be almost dead!
Tha gnoll hits ye but does nay damage!
Tha gnoll hits ye from afar wit' a +0 halberd!
Tha gnoll closely misses ye! x2
Damage: -4%(-2hp) hp: 86%(40hp) Ye cut tha gnoll inta ribbons!!!
Ye annihilate tha gnoll!!!
Tha gnoll hits ye from afar wit' a +0 halberd!
Tha gnoll hits ye from afar wit' a +0 halberd!!!
* * * LOW HITPOINT WARNIN'
* * * Tha gnoll closely misses ye!
Huge Dmg: -22%(-10hp) hp: 64%(30hp) Tha gnoll barely misses ye!
Ye furiously retaliate!!!
Ye headbutt tha gnoll!
Tha gnoll closely misses ye!
Ye slice tha gnoll like a ripe choko!
Tha gnoll be heavily wounded!
Tha gnoll hits ye but does nay damage!
Tha gnoll closely misses ye!
Ye slice tha gnoll like a ripe choko!
Tha gnoll be severely wounded!
Tha gnoll barely misses ye!
Tha gnoll hits ye wit' a +0 halberd!
* * * LOW HITPOINT WARNIN'
* * * Damage: -10%(-5hp) hp: 54%(25hp) Ye barely miss tha gnoll!
Ye headbutt tha gnoll, but do nay damage!
Tha gnoll be severely wounded!
Tha gnoll barely misses ye!
Tha gnoll misses butt!
Ye slice tha gnoll like a ripe choko!
Tha gnoll be almost dead!
Tha gnoll hits ye wit' a +0 halberd!
* * * LOW HITPOINT WARNIN'
* * * Tha gnoll barely misses ye!
Damage: -2%(-1hp) hp: 52%(24hp) Ye slice tha gnoll like a ripe choko!!!
Ye annihilate tha gnoll!!!
Tha gnoll closely misses ye!
Ye furiously retaliate!!!
Ye headbutt tha gnoll!
Yer scale mail prevents ye from hittin' tha gnoll!
Tha gnoll hits ye but does nay damage!
Tha gnoll hits ye wit' a +0 whip!
* * * LOW HITPOINT WARNIN'
* * * Damage: -9%(-4hp) hp: 43%(20hp) Ye cut tha gnoll but do nay damage!
Yer headbutt misses tha gnoll!
Tha gnoll hits ye wit' a +0 halberd!!!
* * * LOW HITPOINT WARNIN'
* * * Tha gnoll hits butt wit' a +0 whip!
* * * LOW HITPOINT WARNIN'
* * * Huge Dmg: -28%(-13hp) hp: 15%(7hp) Thin's tha be 'ere: a +0 halberd; a gnoll corpse Ye cut tha gnoll inta ribbons!
Tha gnoll be heavily wounded!
Tha gnoll hits ye wit' a +0 halberd!!!
Ye die!!!

Levels and vault maps discovered:
D:1:      eino_arrival_water_cross, layout_loops_ring,
          ebering_ecumenical_altar_webs
D:2:      layout_rooms, basic_altar
D:3:      layout_basic
D:4:      layout_gridville, minmay_temple_entry_enclosed_plants,
          kennysheep_generic_room_9

Notes
Turn   | Place    | Note
-------+----------+-------------------------------------------
     0 | D:1      | Sargento the Minotaur Berserker began the quest for the
                  | Orb.
     0 | D:1      | Reached XP level 1. HP: 19/19 MP: 0/0
    31 | D:1      | Found a faded altar of an unknown god.
   303 | D:1      | Reached XP level 2. HP: 23/27 MP: 1/1
   767 | D:1      | You fall into a shaft and drop 1 floor!
   769 | D:2      | Reached ** piety under Trog
   831 | D:2      | Found a basalt altar of Yredelemnul.
   914 | D:2      | Reached XP level 3. HP: 33/33 MP: 2/2
  1808 | D:3      | Reached XP level 4. HP: 33/41 MP: 3/3
  2023 | D:3      | Reached XP level 5. HP: 47/47 MP: 4/4
  2725 | D:4      | Slain by a gnoll

Vanquished Creatures
  A howler monkey (D:3)
  An orc priest (D:4)
  An iguana (D:2)
  An orc wizard (D:3)
  2 gnolls (D:4)
  2 adders
  6 orcs
  10 ball pythons
  5 endoplasms
  3 giant cockroaches
  6 goblins
  4 hobgoblins
  2 quokkas
  2 bats (D:2)
  3 frilled lizards
  A kobold (D:2)
  8 rats
58 creatures vanquished.

Action                   |  1- 3 |  4- 6 || total
-------------------------+-------+-------++-------
Melee: Falchion          |    79 |    54 ||   133
       Headbutt          |    12 |     9 ||    21
Invok: Trog's Hand       |     1 |       ||     1
Armor: Animal skin       |    11 |       ||    11
       Leather armour    |     2 |     4 ||     6
       Scale mail        |       |     7 ||     7
Dodge: Dodged            |    45 |    44 ||    89
